 Dungeon Crawl Stone Soup version 0.24.0-2-g5b39cebb1c (webtiles) character file.

Game seed: 12350813898777111913, levelgen mode: deterministic

37 ventricule the Sneak (level 3, -1/20 HPs)
             Began as a Deep Elf Assassin on Oct 30, 2019.
             Slain by an orc
             ... wielding a +0 mace
              (5 damage)
             ... on level 3 of the Dungeon.
             The game lasted 00:01:23 (1730 turns).

ventricule the Sneak (Deep Elf Assassin)            Turns: 1730, Time: 00:01:24

Health: -1/20      AC:  3    Str:  8    XL:     3   Next: 21%
Magic:  5/5        EV: 13    Int: 16    God:
Gold:   78         SH:  0    Dex: 16    Spells: 2/2 levels left

rFire    . . .     SeeInvis .   r - +2 dagger (venom)
rCold    . . .     Gourm    .   (no shield)
rNeg     . . .     Faith    .   b - +0 robe
rPois    .         Spirit   .   (no helmet)
rElec    .         Reflect  .   c - +0 cloak
rCorr    .         Harm     .   (no gloves)
MR       .....                  (no boots)
Stlth    +++.......             (no amulet)
HPRegen  0.06/turn              (no ring)
MPRegen  0.09/turn              (no ring)

@: no status effects
A: no striking features
a: no special abilities


You were on level 3 of the Dungeon.
You were hungry.

You visited 1 branch of the dungeon, and saw 3 of its levels.

You collected 78 gold pieces.

Inventory:

Hand Weapons
 a - a +2 dagger
 r - a +2 dagger of venom (weapon)
Missiles
 d - 8 poisoned darts
 f - 2 curare-tipped darts
 k - 2 boomerangs
 Q - 91 stones (quivered)
Armour
 b - a +0 robe (worn)
 c - a +0 cloak (worn)
Scrolls
 g - a scroll of teleportation {unknown}
 h - 4 scrolls of identify {unknown}
 i - 6 scrolls of blinking {unknown}
 j - 3 scrolls of remove curse {unknown}
 l - a scroll of immolation {unknown}
 m - a scroll of random uselessness {unknown}
 q - 2 scrolls of enchant weapon {unknown}
 s - a scroll of amnesia {unknown}
Potions
 n - a potion of curing {unknown}
 o - a potion of might {unknown}
 p - a potion of resistance {unknown}
Comestibles
 e - 4 rations


   Skills:
 - Level 1.5 Fighting
 + Level 2.5 Short Blades
 + Level 2.4 Throwing
 + Level 2.1 Dodging
 + Level 5.2 Stealth


You had 2 spell levels left.
You didn't know any spells.
Your spell library was empty.

Dungeon Overview and Level Annotations

Branches:
Dungeon (3/15)

Altars:
Hepliaklqana
Xom


Message History

The adder bites you but does no damage.
You hit the adder. The orc closely misses you. The adder bites you.
You take 1 damage, and have 19/20 hp.
You are feeling hungry.
You barely miss the adder. The adder barely misses you.
The orc hits you but does no damage.
You barely miss the adder. The adder misses you.
Unknown command.
You closely miss the adder. The adder bites you. The orc barely misses you.
You take 3 damage, and have 16/20 hp.
You barely miss the adder. The adder barely misses you.
The orc hits you with a +0 mace!
* * * LOW HITPOINT WARNING * * *
The adder barely misses you.
You take 9 damage, and have 7/20 hp.
MASSIVE DAMAGE!!
You miss the adder. The adder bites you.
* * * LOW HITPOINT WARNING * * *
The orc hits you with a +0 mace.
You die...

#................
##.....#..######.
#........#
#..####.##
#.......#
##'###### ##...##
#.#.....##
#.....@..#
#.....oS..#
...........'...
............#...
####.......##.##
##.....## #
##...## ##+##


You could see an adder and an orc.

Levels and vault maps discovered:
D:1:      dpeg_arrival_subterranean_lakeside_camping, layout_basic
D:2:      layout_loops_corners, regret_index_temple_of_mockery,
          roderic_malta_cross, kennysheep_boxes
D:3:      layout_loops_corners, uniq_ijyb, uniq_natasha

Notes
Turn   | Place    | Note
-------+----------+-------------------------------------------
     0 | D:1      | ventricule the Deep Elf Assassin began the quest for the
                  | Orb.
     0 | D:1      | Reached XP level 1. HP: 12/12 MP: 3/3
   178 | D:1      | Reached skill level 5 in Stealth
   215 | D:1      | Reached XP level 2. HP: 16/16 MP: 4/4
   229 | D:1      | Identified a +0 club
   410 | D:1      | Identified a cursed -2 dagger
   850 | D:2      | Identified a +0 club
   852 | D:2      | Reached skill level 2 in Dodging
  1093 | D:2      | Reached XP level 3. HP: 20/20 MP: 5/5
  1113 | D:2      | Found a shimmering altar of Xom.
  1114 | D:2      | Found a hazy altar of Hepliaklqana.
  1114 | D:2      | Noticed an insubstantial wisp
  1115 | D:2      | Noticed a spectral ugly thing
  1115 | D:2      | Noticed an insubstantial wisp
  1132 | D:2      | Identified a +0 club
  1136 | D:2      | Identified a +2 dagger of venom
  1719 | D:3      | Identified a +0 mace
  1719 | D:3      | Identified a +0 ring mail
  1730 | D:3      | HP: 4/20 [adder (3)]
  1730 | D:3      | Slain by an orc

Table legend:
 A = Turns spent in this place as a percentage of turns spent in the entire game.
 B = Non-inter-level travel turns spent in this place as a percentage of non-inter-level travel turns spent in the entire game.
 C = Inter-level travel turns spent in this place as a percentage of turns spent in this place.
 D = Turns resting spent in this place as a percentage of non-inter-level travel turns spent in this place.
 E = Turns spent auto-exploring this place as a percentage of non-inter-level travel turns spent in this place.
 F = Non-inter-level travel turns spent in this place divided by the number of levels of this place that you've seen.
                   A       B       C       D       E      F
               +-------+-------+-------+-------+-------+----------------------
         Total | 100.0 | 100.0 |   3.7 |   0.0 |  85.8 | 555.3
       Dungeon | 100.0 | 100.0 |   3.7 |   0.0 |  85.8 | 555.3
               +-------+-------+-------+-------+-------+----------------------

Table legend:
 A = Kills in this place as a percentage of kills in entire the game.
 B = Kills by you in this place as a percentage of kills by you in the entire game.
 C = Kills by friends in this place as a percentage of kills by friends in the entire game.
 D = Other kills in this place as a percentage of other kills in the entire game.
 E = Experience gained in this place as a percentage of experience gained in the entire game.
 F = Experience gained in this place divided by the number of levels of this place that you have seen.
                   A       B       C       D       E      F
               +-------+-------+-------+-------+-------+----------------------
         Total | 100.0 | 100.0 |   N/A |   N/A | 100.0 |  17.7
       Dungeon | 100.0 | 100.0 |   N/A |   N/A | 100.0 |  17.7
               +-------+-------+-------+-------+-------+----------------------

Skill      XL: |  1  2 |
---------------+-------+-----
Stealth        | 5 |  5.2
Dodging        | 2 |  2.1
Fighting       | |  1.5
Short Blades   | |  2.5
Throwing       | |  2.4

Action                   || total
-------------------------++-------
Melee: Dagger            ||    84
 Stab: Sleeping          ||    15
  Eat: Chunk             ||     2
Armor: Robe              ||    21
Dodge: Dodged            ||    62

Vanquished Creatures
  An adder skeleton (D:3)
  A dart slug (D:1)
  A giant cockroach (D:2)
  7 goblins
  2 jackals (D:1)
  2 kobolds (D:2)
  5 bats (D:1)
  6 frilled lizards
  7 rats
32 creatures vanquished.
